Description

This is the opening build of Serral in round two of his series against TIME in DH Masters: Winter 2020. I made this build order because: 1. Easy for begginers to understand. 2. Strong economic entry to a match.

Build Order

Get SALT Encoding   

  12  0:01  Drone  
  13  0:13  Overlord  
  13  0:22  Drone  
  14  0:30  Drone x2  
  16  0:38  Hatchery  
  15  0:52  Drone  
  16  0:56  Drone x3  
  18  1:10  Extractor  
  17  1:15  Spawning Pool  
  16  1:17  Drone x2  
  18  1:28  Drone  
  19  1:38  Drone  
  20  1:50  Drone  
  21  2:00  Queen x2  
  25  2:02  Overlord, Drone  
  26  2:12  Overlord, Drone  
  27  2:16  Metabolic Boost  
  27  2:30  Hatchery  
Spawning Tool Build Advisor. Get it on Overwolf

Analysis

This is a simple starter, but you do have to have a bit of Queen micro as they'll be your only defense mechanism for the early build. Scout with your starting OL and if you encounter marines, go ahead and start on a replacement; the scout will probably die to them.

Go to:

Details

  • Created by: afrAy
  • Published on: Dec 26, 2020
  • Modified on: Dec 26, 2020
  • Patch: 4.11.0
  • Difficulty: Easy
Show
View Real Time Build Order
Export as new Build Order

Comments (0)

There are no comments. Be the first!

Create an account to comment!